 Dungeon Crawl Stone Soup version 0.17-a0-633-gcf22183 (webtiles) character file.

371 Magnus the Ducker (level 6, -6/38 HPs)
             Began as a Tengu Gladiator on Apr 17, 2015.
             Mangled by an ogre
             ... wielding a +0 giant spiked club
              (18 damage)
             ... on level 4 of the Dungeon.
             The game lasted 00:09:38 (3552 turns).

Magnus the Ducker (Tengu Gladiator)                 Turns: 3552, Time: 00:09:38

Health: -6/38      AC:  5    Str: 17    XL:     6   Next: 70%
Magic:  7/7        EV: 14    Int:  9    God:
Gold:   288        SH:  0    Dex: 14    Spells: 0 memorised, 5 levels left

rFire  . . .     SeeInvis .     a - +0 trident
rCold  . . .     Clarity  .     b - +0 leather armour
rNeg   . . .     SustAb   .     (no shield)
rPois  .         Gourm    .     c - +0 hat
rElec  .         Spirit   .     k - +0 cloak
rCorr  .         Warding  .     v - +0 pair of gloves
rMut   .         Stasis   .     (boots unavailable)
MR     .....                    (no amulet)
Stlth  +.........               (no ring)
                                (no ring)

@: not resistant to hostile enchantments, very unstealthy
A: beak, talons 3, able to fly 1
a: Fly


You were on level 4 of the Dungeon.
You were not hungry.

You visited 1 branch of the dungeon, and saw 4 of its levels.

You collected 288 gold pieces.

Inventory:

Hand weapons
 a - a +0 trident (weapon)
Missiles
 d - 3 throwing nets (quivered)
Armour
 b - a +0 leather armour (worn)
 c - a +0 hat (worn)
 k - a +0 cloak (worn)
 v - a +0 pair of gloves (worn)
Jewellery
 p - an uncursed ring of fire
 s - an uncursed ring of teleportation
Scrolls
 e - a scroll of enchant weapon {unknown}
 m - a scroll of magic mapping
 r - 2 scrolls of fear
Potions
 i - 2 potions of mutation {unknown}
 j - a potion of invisibility {unknown}
 o - 2 potions of degeneration {unknown}
 q - 2 potions of curing {unknown}
 t - a potion of ambrosia {unknown}
 u - a potion of cancellation {unknown}
 w - a potion of cure mutation {unknown}
 x - a potion of might {unknown}
Comestibles
 f - 3 bread rations
 g - 3 beef jerkies
 h - 2 slices of pizza
 l - 2 royal jellies
 n - 3 chunks of flesh


   Skills:
 + Level 4.0 Fighting
 + Level 4.8 Polearms
 - Level 2.1 Throwing
 + Level 3.2 Armour
 + Level 4.8 Dodging


You had 5 spell levels left.
You didn't know any spells.

Dungeon Overview and Level Annotations

Branches:
Dungeon (4/15)
 Temple: D:4-7

Altars:


Innate Abilities, Weirdness & Mutations

You have a beak for a mouth.
You have claws for feet.
You can fly.


Message History

HP restored.
Found a stone staircase leading up.
An ogre comes into view. It is wielding a giant spiked club.
The ogre shouts!
You hit the ogre. Your kick misses the ogre.
The ogre is lightly wounded.
The ogre misses you.
You hit the ogre.
The ogre is moderately wounded.
The ogre closely misses you.
You barely miss the ogre. Your peck misses the ogre.
The ogre is moderately wounded.
The ogre hits you with a giant spiked club!!
Ouch! That really hurt!
You hit the ogre. You claw the ogre.
The ogre is heavily wounded.
You hit the ogre. You claw the ogre. You peck the ogre, but do no damage.
The ogre is severely wounded.
The ogre hits you with a giant spiked club!!
You die...

#..#...#.##.......#
.........##.......#
#.#####..##.......#
.# #.#
#..###########. ..#
#... ....< ### ....
#...# # .... #...#
## ...>.# #.O.# .##
... #@# ..## #.#
...## ########.#
....# #........#
...## #.#####..#
..## #.# #..# .##
#.# #..#
..#######.# #.##
..........#####.#


You could see an ogre.

Vanquished Creatures
  A scorpion (D:4)
  A crimson imp (D:3)
  A giant frog skeleton (D:4)
  2 orc priests
  A hound (D:4)
  Robin (D:4)
  6 adders
  3 oozes
  2 worms (D:2)
  5 giant geckos
  5 orcs
  9 bats
  A bat skeleton (D:4)
  2 giant cockroaches
  12 goblins
  10 hobgoblins
  7 jackals (D:2)
  5 kobolds
  2 ball pythons (D:2)
  5 giant newts
  2 quokkas
  5 rats
88 creatures vanquished.

Vanquished Creatures (others)
  2 butterflies (D:2)
2 creatures vanquished.

Grand Total: 90 creatures vanquished

Notes
Turn   | Place    | Note
--------------------------------------------------------------
     0 | D:1      | Magnus, the Tengu Gladiator, began the quest for the Orb.
     0 | D:1      | Reached XP level 1. HP: 12/12 MP: 2/2
   250 | D:1      | Reached XP level 2. HP: 13/18 MP: 3/3
   545 | D:2      | Reached skill level 1 in Armour
   545 | D:2      | Reached XP level 3. HP: 19/22 MP: 4/4
   944 | D:2      | Reached XP level 4. HP: 19/27 MP: 5/5
  1520 | D:3      | Reached skill level 4 in Dodging
  2155 | D:3      | Gained mutation: You can fly. [Tengu growth]
  2155 | D:3      | Reached XP level 5. HP: 18/32 MP: 6/6
  2774 | D:4      | Reached XP level 6. HP: 36/38 MP: 7/7
  3005 | D:4      | Noticed a phantom
  3399 | D:4      | Noticed Robin
  3403 | D:4      | Killed Robin
  3547 | D:4      | Noticed an ogre
  3552 | D:4      | Mangled by an ogre

Action                   |  1- 3 |  4- 6 || total
-------------------------+-------+-------++-------
Melee: Trident           |    90 |   208 ||   298
  Use: Scroll            |       |     7 ||     7
 Stab: Sleeping          |     3 |       ||     3
       Distracted        |       |     1 ||     1
  Eat: Chunk             |       |     9 ||     9
